AoeStats
← Gara

Arena

509444178Analyzed
1v1 RM · 6d ago on Sep 26, 2026· 32m 43s· 2 players
Game mode
Random Map
Map size
Tiny (2 player)
Population
200
Speed
Normal
Resources
Standard
Victory
Conquest
Starting age
Dark Age
Ending age
Imperial Age
RankedLock teamsTeams togetherTeam positionsShared explorationLock speedFull tech treeHidden civsTurbo modeCheats
Victory
Defeat
🇮🇳 Teutons · India
785
+15
🇲🇽 Turks · Mexico
764
-15
gabmtzf23
7:57 Loom
11:19 Feudal Age
16:43 Castle Age
14:46 Double-Bit Axe
16:05 Horse Collar
19:20 Wheelbarrow
20:11 Stone Mining
24:03 Town Watch
25:40 Hand Cart
27:01 Town Patrol
31:45 Imperial Age
31:01 Bloodlines
30:53 Husbandry
31:51 Forging
31:48 Scale Barding Armor
32:10 Cavalier
Gara
1:13 Loom
1:47 Loom
11:00 Feudal Age
11:30 Double-Bit Axe
16:20 Castle Age
19:58 Bow Saw
23:43 Scale Mail Armor
23:53 Forging
25:28 Gold Mining
29:39 Loom
Connection lost

Rejoining the realm…

Still unreachable

The connection could not be restored.

Session expired

The server has moved on; the page needs a fresh start.